 Dungeon Crawl Stone Soup version 0.30-a0-772-g5528072 (webtiles) character file.

Game seed: 2027289259430267682

37989 lunatic the Spear-Bearer (level 13, -4/94 HPs)
             Began as a Grey Draconian Warper on Feb 11, 2023.
             Was a High Priest of Hepliaklqana.
             Slain by a snapping turtle (14 damage)
             ... summoned by a worldbinder
             ... on level 1 of the Abyss on Feb 12, 2023.
             The game lasted 01:21:21 (19070 turns).

lunatic the Spear-Bearer (Grey Draconian Warper)   Turns: 19070, Time: 01:21:21

Health: -4/94      AC: 15    Str: 15      XL:     13   Next: 61%
Magic:  17/20      EV: 15    Int: 19 (20) God:    Hepliaklqana [*****.]
Gold:   218        SH: 12    Dex: 20      Spells: 4/22 levels left

rFire   . . .      SeeInvis .    a - +4 trident
rCold   + . .      Faith    .    f - +0 kite shield
rNeg    . . .      Spirit   .    (body armour unavailable)
rPois   .          Reflect  .    (helmet restricted)
rElec   .          Harm     .    A - +0 cloak
rCorr   .          Rampage  .    (no gloves)
Will    +....                    C - +0 pair of boots
Stlth   ++                       (no amulet)
HPRegen 0.35/turn                K - ring "Widaohu" {rC+ Will+ Int+6 Dex+6}
MPRegen 0.17/turn                o - +6 ring of dexterity

@: no status effects
A: reduced essence, AC +13, amphibious, unfitting armour, cold-blooded, [clumsy
2], [dopey 1], [no potion heal 2]
a: Renounce Religion, Recall Ancestor, Ancestor Identity, Transference, Idealise


You were on level 1 of the Abyss.
You worshipped Hepliaklqana.
Hepliaklqana was extremely pleased with you.
You visited 4 branches of the dungeon, and saw 17 of its levels.
You visited the Abyss 1 time.
You also visited: Ice Cave.

You collected 968 gold pieces.
You spent 750 gold pieces at shops.

Inventory:

Hand Weapons
 a - a +4 trident (weapon)
 b - a +0 trident of flaming
Missiles
 c - 4 boomerangs of dispersal
 s - 5 atropa-tipped darts (quivered)
 y - 4 curare-tipped darts
 J - 17 poisoned darts
Armour
 f - a +0 kite shield (worn)
 A - a +0 cloak (worn)
 C - a +0 pair of boots (worn)
Jewellery
 k - a +6 ring of strength
 n - a ring of positive energy
 o - a +6 ring of dexterity (right hand)
 q - a ring of protection from cold
 r - a +6 ring of intelligence
 t - a ring of willpower
 K - the ring "Widaohu" (left hand) {rC+ Will+ Int+6 Dex+6}
   (You bought it in a shop on level 1 of the Dungeon)

   [ring of dexterity]

   Int:       It affects your intelligence (+6).
   Dex:       It affects your dexterity (+6).
   rC:        It protects you from cold.
   Will:      It increases your willpower.
Wands
 m - a wand of quicksilver (2)
 u - a wand of roots (9)
Scrolls
 d - 3 scrolls of poison
 e - 2 scrolls of fear
 h - 4 scrolls of immolation
 i - 4 scrolls of enchant weapon
 j - a scroll of teleportation
 p - 2 scrolls of vulnerability
 v - 2 scrolls of enchant armour
 x - 2 scrolls of magic mapping
 z - 5 scrolls of blinking
 G - 3 scrolls of summoning
 H - a scroll of amnesia
Potions
 g - a potion of resistance
 l - 2 potions of mutation
 w - a potion of magic
 B - a potion of attraction
 D - a potion of brilliance
 E - a potion of curing
 F - a potion of lignification {unknown}


   Skills:
 + Level 7.5 Fighting
 - Level 14.0 Polearms
 - Level 4.0 Throwing
 + Level 6.3 Dodging
 - Level 2.0 Stealth
 + Level 8.3 Shields
 - Level 5.0 Spellcasting
 + Level 5.5 Hexes
 + Level 8.4 Translocations
 - Level 4.0 Air Magic
 + Level 8.1 Invocations


You had 4 spell levels left.
You knew the following spells:

 Your Spells              Type           Power      Damage    Failure   Level
a - Blink                 Tloc           72%        N/A       1%          2
b - Lesser Beckoning      Tloc           72%        N/A       1%          2
c - Vhi's Electric Charg  Tloc/Air       56%        N/A       7%          3
d - Teleport Other        Tloc           36%        N/A       3%          3
e - Manifold Assault      Tloc           36%        N/A       10%         4
f - Cause Fear            Hex            12%        N/A       30%         4

Your spell library contained the following spells:

 Spells                   Type           Power      Damage    Failure   Level
 Inner Flame              Hex/Fire       15%        N/A       28%         3
 Freeze                   Ice            16%        1d4       30%         1
 Magic Dart               Conj           16%        1d3       30%         1
 Sandblast                Erth           8%         2d5       30%         1
 Call Imp                 Summ           4%         N/A       41%         2
 Sublimation of Blood     Necr           4%         N/A       41%         2
 Wereblood                Tmut           4%         N/A       41%         2
 Mephitic Cloud           Conj/Pois/Air  9%         N/A       47%         3
 Frozen Ramparts          Ice            8%         1d2       65%         3
 Hailstorm                Conj/Ice       4%         3d4       65%         3
 Ignite Poison            Fire/Tmut/Pois 4%         N/A       65%         3
 Ice Form                 Ice/Tmut       4%         N/A       96%         4
 Petrify                  Tmut/Erth      4%         N/A       96%         4
 Summon Ice Beast         Ice/Summ       4%         N/A       96%         4
 Irradiate                Conj/Tmut      2%         3d12      100%        5
 Starburst                Conj/Fire      2%         6d3       100%        6
 Borgnjor's Revivificati  Necr           2%         N/A       100%        8
 Discord                  Hex            12%        N/A       100%        8
 Necromutation            Tmut/Necr      2%         N/A       100%        8
 Death's Door             Necr           2%         N/A       100%        9


Dungeon Overview and Level Annotations

Branches:
Dungeon (11/15)            Temple (1/1) D:6            Lair (3/5) D:11
  Swamp (0/4) Lair:2          Orc (2/2) D:11            Elf (0/3) Orc:2
  IceCv (visited)
  Snake: Lair:2-3    Spider: Lair:2-3

Altars:
Ashenzari
Cheibriados
Dithmenos
Elyvilon
Fedhas
Gozag
Hepliaklqana
Kikubaaqudgha
Makhleb
Nemelex Xobeh
Okawaru
Qazlal
Ru
Sif Muna
Trog
Uskayaw
Vehumet
Wu Jian
Xom
Yredelemnul
Zin
The Shining One

Shops:
D:1 =

Annotations:
D:4 1 runed translucent door, Kave's ghost, amateur TrTm
Lair:1 2 transporters, Radamante's ghost, journeyman DjFE
Lair:3 Sonja
Orc:2 Jorgrun


Innate Abilities, Weirdness & Mutations

Your life essence is reduced to manifest your ancestor. (-10% HP)
Your dull iron-grey scales are very hard. (AC +13)
You are amphibious.
You cannot fit into any form of body armour.
You are cold-blooded and may be slowed by cold attacks.
[You are very clumsy. (Dex -4)]
[You are dopey. (Int -2)]
[Potions cannot restore your health.]


Message History

Aim: a worldbinder (almost destroyed, about 13% to evade your +4 trident)
You reach to attack!
You barely miss the worldbinder.
The worldbinder is almost destroyed.
The merfolk aquamancer barely misses you.
The manticore misses you. The manticore completely misses you.
The manticore claws you but does no damage.
Reach: a) +4 trident
Press: ? - help, Dir - move target, f/p - worldbinder
Aim: a worldbinder (almost destroyed, about 13% to evade your +4 trident)
You reach to attack!
You hit the worldbinder but do no damage.
The worldbinder is almost destroyed.
The snapping turtle bites you from afar.
* * * LOW HITPOINT WARNING * * *
The merfolk aquamancer hits you but does no damage.
Reach: a) +4 trident
Press: ? - help, Dir - move target, f/p - worldbinder
Aim: a worldbinder (almost destroyed, about 13% to evade your +4 trident)
The merfolk aquamancer is in the way.
You barely miss the merfolk aquamancer.
The merfolk aquamancer is lightly wounded.
You block the manticore's attack.
The manticore claws you but does no damage.
You block the manticore's attack.
The snapping turtle bites you from afar!
* * * LOW HITPOINT WARNING * * *
Reach: a) +4 trident
Press: ? - help, Dir - move target, f/p - worldbinder
Aim: a worldbinder (almost destroyed, about 13% to evade your +4 trident)
You reach to attack!
You barely miss the worldbinder.
The worldbinder is almost destroyed.
The merfolk aquamancer points at you and mumbles some strange words.
You block the shard of ice. You block the manticore's attack.
The manticore closely misses you. The manticore claws you.
* * * LOW HITPOINT WARNING * * *
Reach: a) +4 trident
Press: ? - help, Dir - move target, f/p - worldbinder
Aim: a worldbinder (almost destroyed, about 13% to evade your +4 trident)
The manticore is in the way.
You hit the manticore but do no damage.
The snapping turtle bites you from afar!
You die...

# # . .. #
. # #.. # .
# ## . .# #
.#.. . #.##
# #
#.#..### .
. #.~##..
### #.~xt##
......#mH~#
.##
#..#~@##
#..
..##~~.#
.#..
..#.##.# .
Ht#t...#.#
.. # .x #
#### .# ..
#t .. .. .
# # .


You could see a merfolk aquamancer (summoned), a snapping turtle (summoned), a
manticore (summoned) and a worldbinder.

Vanquished Creatures
  A tentacled starspawn (Abyss:1)
  A hydra (Lair:2)
  A two-headed ogre (D:9)
  5 death yaks (Lair:1)
  An orc high priest (Orc:2)
  A soul eater (Abyss:1)
  A wretched star (Abyss:1)
  A skyshark (Lair:3)
  Pikel (D:9)
  An ugly thing (D:10)
  A manticore (D:8)
  3 elephants
  3 black mambas
  A gargoyle (D:10)
  4 cane toads
  A kobold demonologist (D:11)
  A rime drake (Lair:1)
  Maggie (D:7)
  2 ice devils (D:11)
  4 komodo dragons
  2 trolls
  A tyrant leech (Lair:2)
  A polar bear (Lair:2)
  A blink frog (Lair:1)
  Sigmund (D:3)
  A spriggan (Lair:2)
  35 yaks
  2 wyverns
  2 basilisks (D:11)
  3 vampire mosquitoes (D:11)
  2 steam dragons
  Edmund (D:4)
  A warg (Orc:1)
  2 swamp worms (Lair:2)
  6 water moccasins
  3 sky beasts
  3 orc warriors
  2 black bears
  3 centaurs
  3 wolves (Lair:2)
  An ogre (Orc:2)
  A phantom (D:6)
  2 kobold brigands
  2 necrophages
  8 bullfrogs
  A gnoll sergeant (D:9)
  A small abomination (Abyss:1)
  7 wights
  7 killer bees
  5 howler monkeys
  An electric eel (D:7)
  A crimson imp (D:5)
  5 orc priests
  A gnoll bouda (D:8)
  3 hounds
  A hexer (IceCv)
  An iguana (D:4)
  9 orc wizards
  10 gnolls
  10 adders
  A shadow imp (D:6)
  3 white imps
  3 worms
  4 dart slugs
  30 orcs
  6 ball pythons
  A bat zombie (D:7)
  5 endoplasms
  7 giant cockroaches
  8 goblins
  2 hobgoblins
  2 quokkas
  3 bats (D:2)
  4 frilled lizards
  18 kobolds
  2 rats (D:3)
  A rat zombie (D:7)
287 creatures vanquished.

Vanquished Creatures (collateral kills)
  A two-headed ogre (Orc:1)
  A death yak (Lair:1)
  A cyclops (D:11)
  A black mamba (Lair:1)
  6 elephants
  2 kobold demonologists (D:11)
  A cane toad (Lair:2)
  An unseen horror (D:11)
  2 komodo dragons
  A tyrant leech (Lair:2)
  A hornet (D:11)
  3 blink frogs (Lair:1)
  14 yaks
  3 wyverns
  A basilisk (D:11)
  A neqoxec (Abyss:1)
  Menkaure (D:7)
  2 wargs
  A swamp worm (Lair:2)
  5 water moccasins
  2 orc warriors
  A centaur (D:9)
  A lemure (D:9)
  2 kobold brigands
  2 bullfrogs
  A gnoll sergeant (D:10)
  A wight (D:7)
  2 killer bees
  2 orc priests (Orc:2)
  2 iguanas (D:7)
  8 orc wizards
  5 gnolls
  A white imp (D:7)
  12 orcs
  6 kobolds
  A starspawn tentacle (Abyss:1)
98 creatures vanquished.

Vanquished Creatures (others)
  2 orc wizards (D:4)
  An ancestor (D:6)
  19 hexers
  A white imp (D:8)
  A bush (Lair:2)
  13 fungi
  11 plants
  3 starspawn tentacles (Abyss:1)
  2 withered plants (D:4)
53 creatures vanquished.

Grand Total: 438 creatures vanquished

Notes
Turn   | Place    | Note
-------+----------+-------------------------------------------
     0 | D:1      | lunatic the Draconian Warper began the quest for the Orb.
     0 | D:1      | Reached XP level 1. HP: 17/17 MP: 3/3
    67 | D:1      | Reached skill level 1 in Throwing
   230 | D:1      | Found Cebih's One-of-a-Kind Rings.
   334 | D:1      | Reached XP level 2. HP: 24/24 MP: 5/5
   509 | D:1      | Learned a level 2 spell: Blink
  1062 | D:2      | Reached XP level 3. HP: 29/29 MP: 6/6
  1290 | D:2      | Reached skill level 1 in Shields
  1417 | D:2      | Reached skill level 3 in Polearms
  1952 | D:2      | Reached XP level 4. HP: 33/36 MP: 7/7
  2011 | D:3      | Noticed Sigmund
  2367 | D:4      | You fall into a shaft and drop 1 floor!
  2367 | D:5      | Entered Level 5 of the Dungeon
  2538 | D:5      | Noticed an orc warrior
  2574 | D:6      | Found a staircase to the Ecumenical Temple.
  2583 | Temple   | Entered the Ecumenical Temple
  2660 | Temple   | Became a worshipper of Hepliaklqana the Forgotten
  2901 | D:4      | Found a sparkling altar of Nemelex Xobeh.
  2958 | D:4      | Reached XP level 5. HP: 21/41 MP: 8/8
  3066 | D:4      | Reached skill level 4 in Polearms
  3073 | D:4      | Learned a level 2 spell: Lesser Beckoning
  3101 | D:4      | Noticed Edmund
  3170 | D:3      | Killed Sigmund
  3171 | D:3      | Reached skill level 5 in Polearms
  3171 | D:3      | Reached XP level 6. HP: 19/48 MP: 9/9
  3652 | D:4      | Killed Edmund
  3818 | D:4      | Reached skill level 6 in Polearms
  3818 | D:4      | Your scales start taking on a dull iron-grey colour.
  3818 | D:4      | Reached XP level 7. HP: 42/55 MP: 10/10
  4046 | D:4      | Found a runed translucent door.
  4046 | D:4      | Noticed Kave's ghost (amateur TrTm)
  4077 | D:4      | Found a shimmering altar of Xom.
  4078 | D:4      | Found a shimmering altar of Xom.
  4082 | D:4      | Found a shimmering altar of Xom.
  4082 | D:4      | Found a shimmering altar of Xom.
  4192 | D:4      | Found a shimmering blue altar of Sif Muna.
  4306 | D:4      | Got Sif Muna's Catalogue of Bedrock
  4556 | D:5      | Reached * piety under Hepliaklqana
  4584 | D:5      | Reached skill level 7 in Polearms
  4975 | D:5      | Got the Lectures on the Reformed Burn
  5248 | D:5      | Found a radiant altar of Vehumet.
  5249 | D:5      | Found a burning altar of Makhleb.
  5334 | D:6      | Reached XP level 8. HP: 40/54 MP: 11/11
  5379 | D:6      | Reached skill level 5 in Shields
  5388 | D:6      | Reached skill level 8 in Polearms
  5719 | D:6      | Found a hide-covered altar of Uskayaw.
  5731 | D:6      | Reached skill level 9 in Polearms
  5860 | D:6      | Reached ** piety under Hepliaklqana
  5861 | D:6      | Remembered your ancestor Osberty as a hexer
  5872 | D:6      | Found a broken altar of Ashenzari.
  5995 | D:7      | Found a snail-covered altar of Cheibriados.
  6367 | D:7      | Reached skill level 10 in Polearms
  6598 | D:7      | Reached XP level 9. HP: 57/60 MP: 12/12
  6613 | D:7      | Noticed Menkaure
  6620 | D:7      | Killed Menkaure
  6735 | D:7      | Found a stormy altar of Qazlal.
  6930 | D:7      | Found an ancient bone altar of Kikubaaqudgha.
  7079 | D:7      | Reached skill level 11 in Polearms
  7088 | D:7      | Noticed Maggie
  7100 | D:7      | Killed Maggie
  7400 | D:8      | Found an iron altar of Okawaru.
  7491 | D:8      | Noticed a manticore
  7498 | D:8      | Reached skill level 12 in Polearms
  7522 | D:8      | Killed a manticore
  7783 | D:8      | Reached skill level 13 in Polearms
  7911 | D:8      | Found a basalt altar of Yredelemnul.
  7912 | D:8      | Found an opulent altar of Gozag.
  7969 | D:8      | Reached XP level 10. HP: 44/65 MP: 13/13
  8251 | D:9      | Reached *** piety under Hepliaklqana
  8314 | D:9      | Noticed a two-headed ogre
  8323 | D:9      | Killed a two-headed ogre
  8324 | D:9      | Reached skill level 1 in Invocations
  8531 | D:9      | Noticed Pikel
  8555 | D:9      | Killed Pikel
  8665 | D:9      | Reached skill level 14 in Polearms
  8779 | D:9      | Reached skill level 5 in Translocations
  8816 | D:9      | Learned a level 3 spell: Vhi's Electric Charge
  9726 | D:9      | Learned a level 3 spell: Teleport Other
  9831 | D:10     | Entered Level 10 of the Dungeon
 10032 | D:10     | Learned a level 4 spell: Manifold Assault
 10056 | D:10     | Reached XP level 11. HP: 52/72 MP: 17/17
 10192 | D:10     | Reached skill level 1 in Stealth
 10264 | D:10     | Reached skill level 1 in Air Magic
 10414 | D:10     | Noticed a white ugly thing
 10524 | D:10     | Killed a white ugly thing
 10712 | D:10     | Learned a level 4 spell: Cause Fear
 11078 | D:11     | Found a frozen archway.
 11151 | IceCv    | Entered an ice cave
 11151 | IceCv    | Noticed a white ugly thing
 11651 | D:11     | Reached skill level 1 in Hexes
 11869 | D:11     | Found a staircase to the Lair.
 11943 | D:11     | Reached **** piety under Hepliaklqana
 12177 | D:11     | Reached skill level 5 in Invocations
 12380 | D:11     | Found a staircase to the Orcish Mines.
 13187 | Orc:1    | Entered Level 1 of the Orcish Mines
 13217 | Orc:1    | Noticed a two-headed ogre
 13226 | Orc:1    | Killed a two-headed ogre
 13305 | Orc:2    | Entered Level 2 of the Orcish Mines
 13305 | Orc:2    | Found a staircase to the Elven Halls.
 13657 | Orc:2    | Noticed an orc high priest
 13670 | Orc:2    | Killed an orc high priest
 13703 | Orc:2    | Noticed Jorgrun
 14039 | D:1      | Bought the ring "Widaohu" {rC+ Will+ Int+6 Dex+6} for 750
                  | gold pieces
 14042 | D:1      | Upgraded the game from 0.30-a0-760-g5a9884b to
                  | 0.30-a0-772-g5528072
 14320 | Lair:1   | Entered Level 1 of the Lair of Beasts
 14331 | Lair:1   | Reached XP level 12. HP: 78/82 MP: 18/18
 14364 | Lair:1   | Noticed a death yak
 14364 | Lair:1   | Noticed a death yak
 14374 | Lair:1   | Noticed a death yak
 14376 | Lair:1   | Killed a death yak
 14381 | Lair:1   | Noticed a death yak
 14384 | Lair:1   | Noticed a death yak
 14386 | Lair:1   | Noticed a death yak
 14640 | Lair:1   | Reached skill level 5 in Fighting
 15199 | Lair:1   | Reached ***** piety under Hepliaklqana
 15281 | Lair:1   | Noticed Radamante's ghost (journeyman DjFE)
 15291 | Lair:1   | Found a transporter.
 15295 | Lair:1   | Found a transporter.
 15390 | Lair:1   | Killed a death yak
 15483 | Lair:1   | Reached skill level 5 in Dodging
 15808 | Lair:1   | Killed a death yak
 15812 | Lair:1   | Killed a death yak
 15822 | Lair:1   | Killed a death yak
 15857 | Lair:1   | Killed a death yak
 16352 | Lair:2   | Reached XP level 13. HP: 85/92 MP: 20/20
 16708 | Lair:2   | Reached skill level 5 in Spellcasting
 17526 | Lair:2   | Reached skill level 5 in Hexes
 18079 | Lair:2   | Found a staircase to the Swamp.
 18174 | Lair:3   | Found an opulent altar of Gozag.
 18867 | Lair:3   | Noticed Sonja
 18874 | Abyss:1  | Cast into level 1 of the Abyss (Sonja)
 18998 | Abyss:1  | Noticed a tentacled starspawn
 19010 | Abyss:1  | Killed a tentacled starspawn
 19070 | Abyss:1  | Slain by a snapping turtle

Illustrated notes

Levels and vault maps discovered:
D:1:      scummos_arrival_star, layout_loops_ring, nicolae_shop_unique_rings,
          minmay_worlds_worst_comb
D:2:      layout_loops_corners, nrook_uturn, minmay_stone_trees_small
D:3:      cheibrodos_helix_gallery, layout_basic, uniq_sigmund
D:4:      layout_rooms, led_sif_book, xom_redecorated,
          overflow_temple_1_default, gammafunk_ghost_grave,
          minmay_misc_feat_hallway, grunt_ministairs_12, minmay_surrounded,
          uniq_edmund
D:5:      layout_basic, grunt_temple_overflow_lords_of_destruction
D:6:      layout_rooms, evilmike_ruin_ashenzari, nicolae_uskayaw_dance_studio,
          temple_green, hangedman_decor_riveting
D:7:      layout_gridville, lemuel_zombie_altar_kikubaaqudgha,
          mainiacjoe_overflow_six_doors_small,
          mainiacjoe_overflow_small_starburst, minmay_crystal_water,
          minmay_crossroads, uniq_maggie, uniq_menkaure
D:8:      minmay_opposing_rooms, layout_rooms, nicolae_overflow_two_pavilions,
          okawaru_gym_becter, chequers_serial_rivers_micro_c,
          chequers_decorated_corner
D:9:      layout_grid_maze, uniq_pikel
D:10:     layout_loops_ring, serial_bayou_pond_b
D:11:     layout_grid_maze, erik_lair_dragon, orc_0_dummy,
          portal_ice_cave_demonic_guard
Temple:   jpeg_temple_island
Lair:1:   layout_gridlike, gammafunk_ghost_hive
Lair:2:   layout_loops_ring, minmay_swamp_entry_worms,
          chequers_serial_rivers_micro_a, grunt_forest_stairs_clearing
Lair:3:   layout_hall_layers, guppyfry_snake_entry_garden, basic_altar,
          uniq_sonja
Orc:1:    layout_caves, amcnicky_altar_lugonu_corruption
Orc:2:    st_orc_mages, layout_caves, basic_altar, uniq_jorgrun
Abyss:1:  base: Orc:2, hangedman_abyss_or_decor_jellyfish_corner

Skill      XL: |  1  2  3  4  5  6  7  8  9 10 11 12 13 |
---------------+----------------------------------------+-----
Throwing       | 1 2 3 4 |  4.0
Shields        | 1 2 3 4 5 6 7 8 |  8.3
Polearms       | 3 5 6 7 10 13 14 | 14.0
Translocations | 5 6 7 8 |  8.4
Invocations    | 4 5 7 8 |  8.1
Spellcasting   | 4 5 |  5.0
Stealth        | 2 |  2.0
Air Magic      | 3 4 |  4.0
Fighting       | 4 6 7 |  7.5
Dodging        | 4 5 6 |  6.3
Hexes          | 2 4 5 |  5.5

Action                     |  1- 3 |  4- 6 |  7- 9 | 10-12 | 13-15 || total
---------------------------+-------+-------+-------+-------+-------++-------
  Melee: Spear             |   161 |    32 |       |       |       ||   193
         Tailslap          |    18 |    24 |    52 |   119 |    60 ||   273
         Trident           |       |   108 |   382 |   738 |   328 ||  1556
  Throw: Boomerang         |       |       |       |    13 |     2 ||    15
         Dart              |       |       |       |    30 |    15 ||    45
         Throwing net      |       |       |       |       |     2 ||     2
   Cast: Blink             |       |     3 |     1 |    23 |    15 ||    42
         Vhi's Electric Ch |       |       |       |     6 |     6 ||    12
         Teleport Other    |       |       |       |     5 |       ||     5
         Manifold Assault  |       |       |       |     4 |     3 ||     7
 Invoke: Ancestor Identity |       |       |     1 |       |       ||     1
         Recall Ancestor   |       |       |     3 |    14 |     6 ||    23
         Ancestor Life: He |       |       |     1 |       |       ||     1
         Idealise          |       |       |       |     3 |     2 ||     5
  Evoke: Wand              |       |     5 |     2 |     3 |       ||    10
    Use: Scroll            |     1 |     4 |     4 |    14 |     5 ||    28
         Potion            |       |       |     1 |     4 |     1 ||     6
   Stab: Sleeping          |     2 |     4 |     2 |     3 |     1 ||    12
         Distracted        |       |       |     3 |    14 |     8 ||    25
         Confused          |       |       |     7 |    17 |    10 ||    34
 Armour: Skin              |    26 |    34 |    93 |   137 |    54 ||   344
  Dodge: Dodged            |    54 |    60 |   117 |   180 |   112 ||   523
  Block: Kite shield       |    37 |    68 |   156 |   220 |   138 ||   619

Table legend: (Time is in decaauts)
 A = Elapsed time spent in this place.
 B = Non-inter-level travel time spent in this place.
 C = Inter-level travel time spent in this place.
 D = Time resting spent in this place.
 E = Time spent auto-exploring this place.
 F = Levels seen in this place.
 G = Mean time per level.
                   A        B        C        D        E       F      G
               +--------+--------+--------+--------+--------+-----+--------+
         Total |  18900 |  17639 |   1261 |   1835 |  11591 |  19 |  994.7 |
       Dungeon |  13650 |  12554 |   1096 |    684 |   9103 |  11 | 1240.9 |
        Temple |    109 |     77 |     32 |      0 |     28 |   1 |  109.0 |
          Lair |   4423 |   4311 |    112 |    978 |   2316 |   3 | 1474.3 |
  Orcish Mines |    515 |    495 |     20 |    173 |    144 |   2 |  257.5 |
         Abyss |    194 |    194 |      0 |      0 |      0 |   1 |  194.0 |
      Ice Cave |      6 |      6 |      0 |      0 |      0 |   1 |    6.0 |
               +--------+--------+--------+--------+--------+-----+--------+

Top non-repeatable levels by time:
  Lair:1: 2482 daAuts
    D:11: 2253 daAuts
     D:9: 1632 daAuts
     D:7: 1391 daAuts
  Lair:2: 1340 daAuts
    D:10: 1313 daAuts
     D:2: 1287 daAuts
     D:5: 1189 daAuts
     D:4: 1161 daAuts
     D:8: 888 daAuts
     D:3: 888 daAuts
     D:1: 831 daAuts
     D:6: 811 daAuts
  Lair:3: 600 daAuts
   Orc:1: 402 daAuts
